Cogmind - Beta 14 @@@ ROGUE MODE // 2025.03.29 @ 13:06:57 Player: Mercey Result: Destroyed by H-66 Slayer with Heavy Assault Rifle Performance ------------- Evolutions (4) 2000 Regions Visited (6) 1200 Robots Destroyed (66) 330 Value Destroyed (1907) 1907 Prototype IDs (7) 140 Alien Tech Used (0) 0 Bonus (0) 0 TOTAL SCORE: 5577 Bonus ------- None Cogmind --------- Core Integrity 0/850 Matter 85/300 Energy 100/100 System Corruption 1% Temperature Cool (0) Movement Core (1400) Ox27 Location -6/Factory Parts ------- > --- POWER (2) -------- (None) > --- PROPULSION (3) --- (None) > --- UTILITY (8) ------ Huge Storage Unit Improved Targeting Computer Improved Targeting Computer Advanced Targeting Computer Target Analyzer Hacking Suite System Shield > --- WEAPON (2) ------- Power Maul > --- INVENTORY (25) --- Micro Nuclear Core Fusion Compressor Improved Thermal Generator Cooling System Trap Scanner Melee Analysis Suite Matter Filter Particle Charger Advanced ECM Suite Advanced ECM Suite Hardened Light Armor Plating Thermal Shield Drone Bay (2/2) Flak Cannon Peak State ------------ > --- POWER ------------ Angular Momentum Engine Fusion Compressor > --- PROPULSION ------- Advanced Treads Advanced Treads Advanced Treads > --- UTILITY ---------- Huge Storage Unit Advanced Targeting Computer Advanced Targeting Computer Advanced Targeting Computer Target Analyzer Transmission Jammer Hacking Suite System Shield > --- WEAPON ----------- Improved Heavy Laser High-powered Shotgun > --- INVENTORY -------- Light Deuterium Engine Light Nuclear Core Micro Nuclear Core Light Angular Momentum Engine Fusion Compressor Advanced Treads Aluminum Leg Flexi-carbon Leg Improved Thermal Generator Cooling System Trap Scanner Melee Analysis Suite Matter Filter Particle Charger Advanced ECM Suite Advanced ECM Suite Hardened Light Armor Plating Thermal Shield Drone Bay Proton Cannon Advanced Beam Cannon Phase Cannon Heavy Machine Gun Flak Cannon Power Maul [Rating: 60] Favorites ----------- Power Light Ion Engine Engine Light Ion Engine Power Core Fission Core Propulsion Light Treads Treads Light Treads Leg Aluminum Leg Wheel Compact Wheel Hover Unit Gravmag System Utility Advanced Targeting Computer Device Seismic Detector Storage Huge Storage Unit Processor Advanced Targeting Computer Hackware System Shield Protection Utility Shielding Weapon Assault Rifle Energy Gun Heavy EM Pulse Gun Energy Cannon EM Pulse Cannon Ballistic Gun Assault Rifle Ballistic Cannon Flak Cannon Launcher Grenade Launcher Special Weapon Mining Laser Impact Weapon Heavy Mace Slashing Weapon Axe Piercing Weapon Spear Build | -11 -10 -9 -8 -8 -8 -6 ------- Run | Yrd Mat Mat Mat Sto Rec Fac Slots Evolved 8 | . . 2 2 . . 4 Power 1 | . . . . . . 1 Propulsion 1 | . . . 1 . . . Utility 6 | . . 2 1 . . 3 Weapon . | . . . . . . . Parts Attached 114 | 5 24 5 21 14 6 39 Power 16 | 1 1 . 3 2 . 9 Engine 13 | 1 1 . 3 2 . 6 Core 3 | . . . . . . 3 Reactor . | . . . . . . . Propulsion 29 | 1 10 . 4 3 2 9 Treads 16 | 1 5 . 4 1 1 4 Leg 6 | . . . . 2 1 3 Wheel 5 | . 5 . . . . . Hover 2 | . . . . . . 2 Flight . | . . . . . . . Utility 34 | 1 5 3 8 6 1 10 Device 13 | . 1 2 4 2 . 4 Storage 4 | 1 2 . . . 1 . Processor 12 | . 1 1 3 2 . 5 Hackware 2 | . . . . 1 . 1 Protection 3 | . 1 . 1 1 . . Artifact . | . . . . . . . Weapon 35 | 2 8 2 6 3 3 11 Energy Gun 11 | 1 5 1 . 2 . 2 Energy Cannon 6 | . . . 1 1 1 3 Ballistic Gun 6 | 1 2 1 . . . 2 Ballistic Cannon 1 | . . . . . . 1 Launcher 2 | . . . 2 . . . Special Weapon 1 | . 1 . . . . . Impact Weapon 6 | . . . 3 . 1 2 Slashing Weapon 1 | . . . . . 1 . Piercing Weapon 1 | . . . . . . 1 Special Melee Weapon . | . . . . . . . Unidentified Prototypes 5 | . . . . 3 . 2 Corrupted Parts 1 | . . . . 1 . . System Corruption 1 | . . . . 1 . . Parts Lost 43 | . 6 . 11 1 . 25 Power 7 | . . . 1 . . 6 Propulsion 14 | . 2 . 3 . . 9 Utility 11 | . 1 . 4 1 . 5 Weapon 11 | . 3 . 3 . . 5 Highest Loss Streak 15 | . 2 . 8 1 . 15 To Critical Strikes 2 | . 1 . . . . 1 Average Slot Usage (%) 94 | . 88 99 93 80 97 96 Engine 9 | . 13 11 8 8 9 8 Treads 14 | . 14 22 24 6 4 8 Leg 5 | . . . . 13 22 9 Wheel 1 | . 11 . . . . . Device 10 | . 1 10 16 13 12 11 Storage 8 | . 14 11 8 . 5 6 Processor 15 | . 1 22 16 7 18 19 Hackware 4 | . . . . 8 9 13 Protection 1 | . 7 . . 3 . . Energy Gun 5 | . 11 11 . . . 1 Energy Cannon 2 | . . . 7 8 4 2 Ballistic Gun 5 | . 11 11 4 . . 2 Impact Weapon 2 | . . . 4 9 9 3 Peak Build Rating 60 | 5 9 13 30 30 32 60 Average Rating 26 | 3 7 12 23 20 30 51 On Entrance 14 | . 5 9 13 9 30 32 Naked Turns 41 | . . . 41 . . . Heaviest Build 123 | 14 90 89 99 20 98 123 Greatest Support 66 | 20 40 40 63 20 35 66 Greatest Overweight (x) 30 | . 28 2 30 3 4 30 Average Overweight (x) 1 | . 1 2 . . . 1 Largest Inventory Capacity 25 | 8 25 25 25 5 25 25 Average Capacity 21 | 6 20 25 23 5 17 25 Most Carried 25 | 5 20 25 25 5 13 25 Average Carried 17 | 2 13 21 23 4 9 18 Final Capacity 25 | 8 25 25 5 5 25 25 Final Carried 25 | 5 17 25 5 5 13 14 Class Distribution -------------------- 67% | Mutant 27% | Hacker-Mutant 5% | Scavenger-Mutant Dominant Class ---------------- Mutant | -10/Materials Mutant | -9/Materials Mutant | -8/Materials Scavenger-Mutant | -8/Storage Mutant | -8/Recycling Hacker-Mutant | -6/Factory Resources | -11 -10 -9 -8 -8 -8 -6 ----------- Run | Yrd Mat Mat Mat Sto Rec Fac Matter Collected 1562 | 181 246 269 259 166 101 340 Remotely . | . . . . . . . Salvage Created 2675 | . 272 377 512 176 756 582 Parts 111 | . 15 25 25 4 11 31 Haulers Intercepted . | . . . . . . . Recyclers Shooed 2 | . 1 1 . . . . Parts Field Recycled . | . . . . . . . Retrieved Matter . | . . . . . . . Parts Self-Destructed . | . . . . . . . Prevented . | . . . . . . . Kills | -11 -10 -9 -8 -8 -8 -6 ------- Run | Yrd Mat Mat Mat Sto Rec Fac Combat Hostiles Destroyed 45 | . 9 8 13 2 . 13 Melee 6 | . . . 4 1 . 1 Guns 20 | . 7 8 1 . . 4 Cannons 9 | . 1 . 3 . . 5 AOE 5 | . 1 . 4 . . . Classes Destroyed 11 | . 3 1 4 . 1 2 Worker 2 | . . . 1 . . 1 Builder 3 | . . . 3 . . . Tunneler 1 | . . . 1 . . . Recycler 9 | . . . . . 9 . Watcher 6 | . 3 1 1 . . 1 Swarmer 14 | . 6 . 4 . . 4 Grunt 12 | . 3 6 2 . . 1 Sentry 11 | . . 2 5 2 . 2 Specialist 2 | . . . 2 . . . Hunter 4 | . . . . . . 4 Programmer 2 | . . . . . . 2 Best Kill Streak 7 | . 2 3 4 1 7 5 Combat Bots Only 5 | . 2 3 4 1 . 5 Max Kills in Single Turn 3 | . 1 1 3 1 1 1 Gunslinging . | . . . . . . . Exploded 2 | . 1 . 2 . . . Melee 1 | . . . 1 1 . 1 Uniques/NPCs Destroyed . | . . . . . . . Combat | -11 -10 -9 -8 -8 -8 -6 -------- Run | Yrd Mat Mat Mat Sto Rec Fac Hostile Shots Fired 588 | . 77 38 135 8 6 324 Missed 146 | . 25 12 30 1 2 76 Damage Taken 6381 | . 679 323 1675 70 77 3557 Core 1473 | . 205 81 298 . 30 859 Absorbed by Shields 33 | . . . 12 21 . . Redirected to Shielding 18 | . 18 . . . . . Regen/Repaired (Parts) 121 | . 18 14 . . . 89 Core Remaining (%) 59 | 100 18 79 . . 40 . Volleys Fired 110 | . 37 25 23 . . 25 Largest 2 | . 2 2 2 . . 2 Hottest 119 | . 100 85 83 . . 119 Shots Fired 191 | . 62 50 32 . 1 46 Gun 141 | . 52 50 11 . . 28 Cannon 29 | . . . 10 . 1 18 Launcher 11 | . . . 11 . . . Special 10 | . 10 . . . . . Kinetic 83 | . 26 25 10 . . 22 Thermal 36 | . 13 1 . . 1 21 Explosive 11 | . . . 11 . . . Electromagnetic 61 | . 23 24 11 . . 3 Robot Hit Streak 19 | . 13 7 13 . 4 19 Robot Miss Streak 3 | . 3 3 1 . . 2 Penetration Max . | . . . . . . . Secondary Targets 4 | . 2 2 . . . . Max Gunslinging Chain 1 | . 1 1 . . . . Shots Hit Robots 177 | . 34 32 33 5 15 58 Core Hits 100 | . 16 15 29 1 3 36 Critical Kills 2 | . . . . 1 . 1 Critical Parts Destroyed 8 | . 2 . 2 1 . 3 Critical Strikes 10 | . 2 . 2 2 . 4 Destroy 2 | . 2 . . . . . Smash 8 | . . . 2 2 . 4 Melee Attacks 61 | . . . 12 7 15 27 Impact 61 | . . . 12 7 15 27 Slashing . | . . . . . . . Piercing . | . . . . . . . Sneak Attacks 17 | . . . 2 3 12 . Combat Hostiles 4 | . . . . 3 1 . Follow-up Attacks . | . . . . . . . Damage Inflicted 5788 | . 616 439 1670 256 1099 1708 Guns 1479 | . 450 430 101 . . 498 Cannons 709 | . . . 198 . . 511 Explosions 1006 | . 118 . 888 . . . Melee 2496 | . . . 446 253 1099 698 Ramming 50 | . . 9 37 3 . 1 Kinetic 783 | . 124 215 87 . . 357 Thermal 925 | . 217 . 141 . . 567 Explosive 747 | . . . 747 . . . Electromagnetic 787 | . 275 215 212 . . 85 Impact 2496 | . . . 446 253 1099 698 Slashing . | . . . . . . . Piercing . | . . . . . . . Highest Corruption 8 | . 7 . 6 7 8 1 Average Corruption 5 | . 6 . 3 6 7 1 Corruption Purged . | . . . . . . . Corruption Blocked . | . . . . . . . Effects 67 | . 23 . 11 11 20 2 Message Errors 19 | . 5 . 2 4 7 1 Matter Fused 14 | . 6 . 3 1 4 . Heat Flow Errors 10 | . 2 . 3 3 2 . Energy Discharges 4 | . 2 . . . 1 1 Parts Rejected 2 | . . . 1 . 1 . Data Loss (minor) 6 | . 2 . 1 2 1 . Data Loss (major) 3 | . 2 . . . 1 . Misfires 2 | . 1 . . . 1 . Alerts 4 | . 1 . . 1 2 . Weapon Failures 3 | . 2 . 1 . . . Overload Shots . | . . . . . . . Overflow Damage 957 | . 13 . 257 100 479 108 Projectiles 21 | . 4 . 2 . . 15 Explosions 9 | . 9 . . . . . Melee 927 | . . . 255 100 479 93 Knockbacks 10 | . . . 1 1 3 5 Impact 9 | . . . 1 1 3 4 Kinetic . | . . . . . . . Secondary 1 | . . . . . . 1 Self-Inflicted Damage 93 | . 53 . 40 . . . Shots 3 | . 2 . 1 . . . Rammed 12 | . . 5 5 . . 2 Targets Rammed 16 | . . 5 7 2 . 2 Kicked 2 | . . . . 2 . . Crushed 2 | . . . 2 . . . Highest Temperature 247 | . 172 38 217 247 152 171 Average Temperature 43 | . 36 6 38 99 73 57 Received Heat Transfer 782 | . 168 174 183 41 12 204 Siege Activations . | . . . . . . . Robots Corrupted 11 | . . . 2 2 4 3 Combat Hostiles 5 | . . . 1 1 . 3 Parts Fried 19 | . . 1 4 4 9 1 Impact Corruptions 36 | . . . 10 5 17 4 Robots Melted . | . . . . . . . Combat Hostiles . | . . . . . . . Parts Melted . | . . . . . . . Heat Transferred 1056 | . 311 . 100 . . 645 Parts Sabotaged . | . . . . . . . Parts Stolen . | . . . . . . . Parts Stripped . | . . . . . . . Power Chain Reactions 2 | . 2 . . . . . Alert | -11 -10 -9 -8 -8 -8 -6 ------- Run | Yrd Mat Mat Mat Sto Rec Fac Peak Influence 333 | . 217 102 250 333 179 201 Initial 129 | . . . 7 98 129 2 Average 73 | . 39 34 98 215 85 85 Maximum Alert Level 1 | . 1 . 1 1 . 1 Low Security (%) 92 | 100 99 100 87 54 100 89 Level 1 7 | . . . 12 45 . 10 Level 2 . | . . . . . . . Level 3 . | . . . . . . . Level 4 . | . . . . . . . Level 5 . | . . . . . . . High Security . | . . . . . . . Max Security . | . . . . . . . Squads Dispatched 12 | . . 2 3 4 . 3 Investigation 3 | . . 1 . 2 . . Extermination 2 | . . . . . . 2 Reinforcement 6 | . . 1 3 1 . 1 Assault . | . . . . . . . Garrison 1 | . . . . 1 . . Intercept . | . . . . . . . Searches Triggered . | . . . . . . . Construction Impeded 1 | . . . 1 . . . Haulers Reinforced . | . . . . . . . Active Scanning Responses . | . . . . . . . Cargo Convoy Interrupts . | . . . . . . . Stealth | -11 -10 -9 -8 -8 -8 -6 --------- Run | Yrd Mat Mat Mat Sto Rec Fac Distress Signals 10 | . 3 . 3 3 1 . Communications Jammed 7 | . . . . . . 7 Distress Signals 7 | . . . . . . 7 Times Spotted 108 | . 21 10 24 26 5 22 Peak Tracking Total 8 | . 8 3 5 6 1 4 Tactical Retreats 10 | . 2 1 3 3 . 1 Traps | -11 -10 -9 -8 -8 -8 -6 ------- Run | Yrd Mat Mat Mat Sto Rec Fac Traps Triggered 10 | . 5 . 4 . . 1 Indirectly . | . . . . . . . Trap Hack Attempts . | . . . . . . . Triggered . | . . . . . . . Disarmed . | . . . . . . . Reprogrammed . | . . . . . . . Reused . | . . . . . . . Traps Extracted . | . . . . . . . Installed . | . . . . . . . Triggered . | . . . . . . . Machines | -11 -10 -9 -8 -8 -8 -6 ---------- Run | Yrd Mat Mat Mat Sto Rec Fac Machines Disabled 3 | . 1 . 2 . . . Max in Single Turn 2 | . 1 . 2 . . . Garrison Access 1 | . . . . 1 . . Machines Repaired . | . . . . . . . Machines Dismantled . | . . . . . . . Machines Sabotaged . | . . . . . . . Overloaded Fab Kills . | . . . . . . . Hacking | -11 -10 -9 -8 -8 -8 -6 --------- Run | Yrd Mat Mat Mat Sto Rec Fac Machines Accessed 23 | . 4 4 1 4 7 3 Terminals 5 | . 1 1 . 2 . 1 Fabricators . | . . . . . . . Repair Stations 4 | . 1 1 . . . 2 Recycling Units 11 | . 2 1 . 1 7 . Scanalyzers 2 | . . 1 1 . . . Garrison Access 1 | . . . . 1 . . Total Hacks 51 | . 12 14 3 8 10 4 Successful 34 | . 7 10 2 3 9 3 Failed 17 | . 5 4 1 5 1 1 Catastrophic 2 | . . . . 2 . . Database Lockouts . | . . . . . . . Manual . | . . . . . . . Terminals 14 | . 5 3 . 5 . 1 Fabricators . | . . . . . . . Repair Stations 9 | . 3 3 . . . 3 Recycling Units 20 | . 4 5 . 1 10 . Scanalyzers 6 | . . 3 3 . . . Garrison Access 2 | . . . . 2 . . Terminal Hacks 6 | . 2 2 . 1 . 1 Robot Analysis 1 | . 1 . . . . . Prototype ID Bank 1 | . . 1 . . . . Open Door 1 | . . . . 1 . . Branch Access Points 2 | . 1 . . . . 1 Zone Layout 1 | . . 1 . . . . Fabricator Hacks . | . . . . . . . Repair Station Hacks 7 | . 2 3 . . . 2 Scan Component 4 | . 1 2 . . . 1 Repair 3 | . 1 1 . . . 1 Recycling Unit Hacks 15 | . 3 2 . 1 9 . Report Inventory 9 | . 1 1 . . 7 . Retrieve Matter 1 | . . . . . 1 . Retrieve Components 5 | . 2 1 . 1 1 . Scanalyzer 5 | . . 3 2 . . . Insert Component 2 | . . 1 1 . . . Analyze 3 | . . 2 1 . . . Garrison Access Hacks 1 | . . . . 1 . . Seal Access 1 | . . . . 1 . . Unauthorized Hacks . | . . . . . . . Terminals . | . . . . . . . Fabricators . | . . . . . . . Repair Stations . | . . . . . . . Recycling Units . | . . . . . . . Scanalyzers . | . . . . . . . Garrison Access . | . . . . . . . Data Cores Recovered . | . . . . . . . Used . | . . . . . . . Hacking Detections 11 | . 2 2 1 3 1 2 Full Trace Events 2 | . . 1 . 1 . . Feedback Events . | . . . . . . . Feedback Blocked . | . . . . . . . Robot Schematics Acquired . | . . . . . . . Robots Built . | . . . . . . . Authchips . | . . . . . . . Time . | . . . . . . . Total Robot Build Rating . | . . . . . . . Part Schematics Acquired 2 | . . 1 1 . . . Parts Built . | . . . . . . . Authchips . | . . . . . . . Time . | . . . . . . . Total Part Build Rating . | . . . . . . . Parts Repaired 3 | . 1 1 . . . 1 Time 68 | . 26 26 . . . 16 Parts Recycled . | . . . . . . . Recycled Matter . | . . . . . . . Retrieved Matter . | . . . . . . . Retrieved Components 23 | . 10 3 . 9 1 . Parts Scanalyzed 2 | . . 1 1 . . . Part Schematics Acquired 2 | . . 1 1 . . . Parts Damaged . | . . . . . . . Bothacking | -11 -10 -9 -8 -8 -8 -6 ------------ Run | Yrd Mat Mat Mat Sto Rec Fac Used RIF Installer . | . . . . . . . Robots Hacked . | . . . . . . . Non-combat . | . . . . . . . Combat . | . . . . . . . Robot Hacks Applied . | . . . . . . . Relay Couplers Released . | . . . . . . . Fabnet Peak Effective % . | . . . . . . . Robots Rewired . | . . . . . . . Allies Hacked . | . . . . . . . Hacks Repelled . | . . . . . . . Allies | -11 -10 -9 -8 -8 -8 -6 -------- Run | Yrd Mat Mat Mat Sto Rec Fac Total Allies . | . . . . . . . Largest Group . | . . . . . . . Highest-Rated Group . | . . . . . . . Highest-Rated Ally . | . . . . . . . Total Orders . | . . . . . . . Ally Attacks . | . . . . . . . Total Damage . | . . . . . . . Kills . | . . . . . . . Allies Corrupted . | . . . . . . . Allies Melted . | . . . . . . . Intel | -11 -10 -9 -8 -8 -8 -6 ------- Run | Yrd Mat Mat Mat Sto Rec Fac Robot Analysis Total 1 | . 1 . . . . . Derelict Logs Recovered . | . . . . . . . Drone Launches . | . . . . . . . Drone Recoveries . | . . . . . . . Exploration | -11 -10 -9 -8 -8 -8 -6 ------------- Run | Yrd Mat Mat Mat Sto Rec Fac Turns Passed 7188 | 81 1273 1636 1173 378 665 1982 Spaces Moved 2774 | 47 598 456 462 244 324 643 Core 148 | 5 8 . 95 37 . 3 Treads 1450 | 42 278 456 367 . 11 296 Legs 845 | . . . . 207 313 325 Wheels 312 | . 312 . . . . . Hover 19 | . . . . . . 19 Flight . | . . . . . . . Fastest Speed 50 | 50 130 320 50 100 120 225 Average Speed 221 | 148 177 320 212 127 186 258 Slowest Speed 1550 | 160 1450 320 1550 200 465 1550 Overloaded Moves . | . . . . . . . Propulsion Burnouts . | . . . . . . . Robots Hopped . | . . . . . . . Cave-ins Triggered 1 | . 1 . . . . . Exploration Rate (%) 37 | 4 89 29 25 48 48 16 Regions Visited 6 Branch Regions 2 Pre-discovered Areas . | . . . . . . . Known Exits Taken 1 | . . 1 . . . . Unknown Exits Taken 5 | 1 1 . 1 1 1 . Scrap Searched . | . . . . . . . Spaces Dug 8 | . 8 . . . . . Terrain Destroyed 84 | . 14 . 70 . . . Melee . | . . . . . . . Projectile 8 | . 8 . . . . . AOE 76 | . 6 . 70 . . . Terrain Rammed . | . . . . . . . Walls Destroyed . | . . . . . . . Machines Disabled . | . . . . . . . Actions | -11 -10 -9 -8 -8 -8 -6 --------- Run | Yrd Mat Mat Mat Sto Rec Fac Total 3469 | 56 726 574 591 298 360 864 Wait 262 | . 42 66 44 16 2 92 Move 2767 | 46 596 455 461 243 323 643 Hop . | . . . . . . . Pick Up 85 | 5 23 14 10 7 9 17 Fast Attach 50 | 5 6 1 5 10 5 18 Attach 36 | . 11 2 6 3 . 14 Detach 7 | . 2 . 1 . . 4 Swap 28 | . 7 2 10 1 1 7 Drop 46 | . 1 4 12 9 5 15 Fire 110 | . 37 25 23 . . 25 Melee 61 | . . . 12 7 15 27 Ram . | . . . . . . . Kick 2 | . . . . 2 . . Crush 14 | . . 5 7 . . 2 Escape Stasis 1 | . 1 . . . . . Rewire . | . . . . . . . Trap . | . . . . . . . Miscellaneous . | . . . . . . . Route ------- -11/Scrapyard -10/Materials (discovered 4 exits: *Mat x3 / *Min) -9/Materials (discovered 2 exits: *Mat / [*Min]) -8/Materials (discovered 2 exits: [*Fac] / *Sto) -8/Storage -8/Recycling -6/Factory (discovered 4 exits: *Low x2 / Ext x2) History --------- Turn | Location | Event 51 | -11/Scrapyard | Discovered new exit (range 16) 82 | -11/Scrapyard | Entered Materials 301 | -10/Materials | Build established: Mutant 388 | -10/Materials | Identified exit to Mines 571 | -10/Materials | Discovered new exit (range 7) 695 | -10/Materials | Crushed by falling debris 899 | -10/Materials | Discovered new exit (range 16) 1089 | -10/Materials | Core integrity fell below 50% 1124 | -10/Materials | Core integrity fell below 20% 1247 | -10/Materials | Discovered new exit (range 15) 1334 | -10/Materials | Repaired Utility Shielding 1355 | -10/Materials | Entered another Materials area 1355 | -9/Materials | Evolved 2 slots: Utility x2 1587 | -9/Materials | Discovered new exit (range 6) 2324 | -9/Materials | Discovered new exit (range 9) 2395 | -9/Materials | Repaired Seismic Detector 2988 | -9/Materials | Identified exit to Materials 2991 | -9/Materials | Entered another Materials area 2991 | -8/Materials | Evolved 2 slots: Propulsion x1, Utility x1 2993 | -8/Materials | Discovered new exit (range 8) 4064 | -8/Materials | Discovered new exit (range 13) 4102 | -8/Materials | Core integrity fell below 50% 4103 | -8/Materials | Released all parts (3) 4127 | -8/Materials | Lost 8 parts (1p2n4u1w) 4164 | -8/Materials | Entered Storage 4171 | -8/Storage | Met 01-MTF 4386 | -8/Storage | Garrison activated, responded to threat 4499 | -8/Storage | Discovered new exit (range 7) 4542 | -8/Storage | Entered Recycling 4542 | -8/Recycling | Accompanied by 1 ally (01-MTF) 4588 | -8/Recycling | Build established: Scavenger-Mutant 4961 | -8/Recycling | Build established: Mutant 5168 | -8/Recycling | Discovered new exit (range 15) 5207 | -8/Recycling | Entered Factory 5207 | -6/Factory | Evolved 4 slots: Power x1, Utility x3 5274 | -6/Factory | Identified exit to Lower Caves 5274 | -6/Factory | Identified exit to Extension 5512 | -6/Factory | Build established: Hacker-Mutant 6434 | -6/Factory | Repaired Angular Momentum Engine 7015 | -6/Factory | Core integrity fell below 50% 7048 | -6/Factory | Lost 15 parts (3p5n3u4w) 7164 | -6/Factory | Core integrity fell below 20% 7189 | -6/Factory | Destroyed by H-66 Slayer with Heavy Assault Rifle Last Messages --------------- Slug penetrates Wall. Fusion Modulator explodes. R-10 Processor destroyed. U-05 Engineer destroyed. R-10 Processor destroyed. U-05 Engineer builds a Wall. Penetrated by Slug. Adv. Targeting Computer destroyed. U-05 Engineer builds a Wall. U-05 Engineer lays Concrete. U-05 Engineer builds a Wall. Slug penetrates U-05 Engineer. U-05 Engineer destroyed. U-05 Engineer lays Concrete. Penetrated by Slug. U-05 Engineer destroyed. Slug penetrates W-25 Informer. U-05 Engineer builds a Door. Penetrated by Slug. W-25 Informer destroyed. Map ----- +----------------------------------------------------+ | #????????????????????????????? | | " #????????????????????????????? | | #????????????????????????????? | | #????????????????????????????? | | #####????????????????????????????? | | ] #??????########???????????????? | | > #??????# ??#?????????????? | | ### [ ######## """"" #?????????????? | | #?###### # """"" #?????????????? | | #???# ^ # """ #?????????????? | | # #???# + #?????????????? | | ## #######/####### ^ # """"" #?????????????? | | ????# ! /% ^ # """"" #?????????????? | | ????# ###### ### """ ??????????????? | | ????# [ ! / #????# #?# ! ??????????????? | | ????# #????# ###""""""###?????????????? | | ????# """" """" #????# # " #?????????????? | | ????# """" """" ###### # " #?????????????? | | ????# """" """" =# # #* " #?????????????? | | ????# """" """" #"" # #* ; ##????????????? | | ????#??""" """" #"T # #* *%[*; #????????????? | | ????????"" """" #"" # #####+!;;;;######????????? | | ?????????" "?"" # + |!=!u%%! % ?????? | | ????????? ?? # # !*[%%!* ;;###????????????? | | ?????????###??#### # !==!% ;#???????????????? | | ?????????????????# # !@%= [ ##???????????????? | | ?????????????????# # | #????????????????? | | ?????????""F"##########h #????????????????? | | ???????? #????????????????? | | ???????? #????????????????? | | ??????????"" """ """ #????????????????? | | ??????????????"" """! !! o #????????????????? | | ???????????????" """ !! #????????????????? | | ?????????????? = ????????????? | | ???????????? ??????????? | | ???????????# """ """??????????? | | ???????????# """ ""???????????? | | ???????????+ #####k """?"????????????? | | ???????????###### #####+#???? ??????????????? | | ????????????????# ??????????? ??????????????? | | ????????????????#???????????? !!= ?????????????? | | ?????????????????????????????? != ?????????????? | | ?????????????????????????????? != ??????????????? | | ?????????????????????????????? ? ????????????????? | | ?????????????????????????????????????????????????? | | ?????????????????????????????????????????????????? | | ?????????????????????????????????????????????????? | | ?????????????????????????????????????????????????? | | ?????????????????????????????????????????????????? | | ?????????????????????????????????????????????????? | +----------------------------------------------------+ Best States ------------- Heat Dissipation 59 Energy Generation 38 Energy Capacity 510 Matter Stores 300 Matter Capacity 300 Sight Range 16 Terrain Scan Range 14 Terrain Scan Density 10 ECM Strength 1 Jamming Range 12 Armor Coverage 225 Utility Shielding 33 Evasion (%) 55 Targeting Accuracy 28 Target Analysis 5 Recoil Reduction 3 Offensive Hacking 10 Defensive Hacking 10 Item Schematics ----------------- Imp. Treads | -9/Materials | Scanalyzed Arm. Treads | -8/Materials | Scanalyzed Robot Schematics ------------------ None Fabricated ------------ Nothing Alien Tech Used ----------------- None Achievements -------------- \\IAMDERELICT Challenges ------------ None Game ------ Seed BlastExpertMonowheel Manual? 0 Play Time 01:02:56 Cumulative 24.1 hours Start 2025.03.27 @ 22:09:55 End 2025.03.29 @ 13:06:57 Sessions 3 Manual Loads 0 Difficulty Rogue Special Mode None Game No. 37 Rogue 37 Adventurer 0 Explorer 0 Win Type - Total 0 Types 0/0/0/0/0/0/0/0/0 Lore% 6 Gallery% 24 Achievement% 21 Wizard Run 0 Options --------- Layout 1 ASCII 0 Keyboard 0 Movement Numpad Keybinds 0 Fullscreen 1 Font 48/Smallcaps Map View 50x35 Zoom Use 0% Tactical HUD 0 Map Filters NONE Filters NONE Steam 1 RUN: 08ba2a92-95c8-4269-991c-ad8ae4f9e58f